 Dungeon Crawl Stone Soup version 0.24-a0-809-g71cb82dfb8 (webtiles) character file.

Game seed: 10617911233386684245, levelgen mode: deterministic

94 Arixos the Charlatan (level 4, -1/33 HPs)
             Began as a Mummy Artificer on Oct 11, 2019.
             Slain by a gnoll
             ... wielding a +0 spear
              (8 damage)
             ... on level 3 of the Dungeon.
             The game lasted 00:09:18 (2498 turns).

Arixos the Charlatan (Mummy Artificer)              Turns: 2498, Time: 00:09:19

Health: -1/33      AC:  4    Str: 16    XL:     4   Next: 38%
Magic:  6/6        EV: 12    Int: 10    God:
Gold:   121        SH:  0    Dex: 12    Spells: 3/3 levels left

rFire    x . .     SeeInvis +   p - +2 whip (pain)
rCold    + . .     Gourm    .   (no shield)
rNeg     + + +     Faith    .   b - +0 leather armour
rPois    ∞         Spirit   .   h - +0 helmet {SInv}
rElec    .         Reflect  .   (no cloak)
rCorr    .         Harm     .   (no gloves)
MR       .....                  (no boots)
Stlth    +.........             (no amulet)
HPRegen  0.11/turn              o - ring of wizardry
MPRegen  0.10/turn              (no ring)

@: no status effects
A: no food or potions, fire vulnerability, cold resistance 1, negative energy
resistance 3, torment resistance, unbreathing
a: no special abilities


You were on level 3 of the Dungeon.
You were not hungry.

You visited 1 branch of the dungeon, and saw 3 of its levels.

You collected 121 gold pieces.

Inventory:

Hand Weapons
 p - a +2 whip of pain (weapon)
Missiles
 k - 16 poisoned darts (quivered)
Armour
 b - a +0 leather armour (worn)
 h - a +0 helmet of see invisible (worn)
Jewellery
 o - a ring of wizardry (left hand)
Wands
 c - a wand of flame (15)
 d - a wand of enslavement (15)
 e - a wand of random effects (15)
Scrolls
 a - a scroll of identify {unknown}
 f - a scroll of random uselessness {unknown}
 g - a scroll of blinking {unknown}
 i - 2 scrolls of remove curse {unknown}
 j - 2 scrolls of fear {unknown}
 l - a scroll of enchant armour {unknown}
 m - a scroll of fog {unknown}
 n - a scroll of teleportation {unknown}


   Skills:
 + Level 2.2 Fighting
   Level 0.7 Short Blades
 + Level 1.5 Armour
 + Level 2.3 Dodging
 - Level 0.7 Stealth
 + Level 3.0 Evocations


You had 3 spell levels left.
You didn't know any spells.
Your spell library was empty.

Dungeon Overview and Level Annotations

Branches:
Dungeon (3/15)

Altars:


Innate Abilities, Weirdness & Mutations

You do not eat or drink.
Your flesh is vulnerable to fire.
You are immune to poison.
Your flesh is cold resistant. (rC+)
You are immune to negative energy. (rN+++)
You are immune to unholy pain and torment.
You can survive without breathing.


Message History

You hit the gnoll but do no damage. You barely miss the gnoll.
The gnoll hits you from afar with a +0 spear.
The gnoll hits you but does no damage. The gnoll hits you with a +0 whip.
The gnoll hits you from afar with a +0 spear.
The gnoll closely misses you.
You hit the gnoll.
The gnoll is lightly wounded.
The gnoll closely misses you. The gnoll hits you with a +0 whip.
You hit the gnoll.
The gnoll is moderately wounded.
The gnoll hits you from afar with a +0 spear.
* * * LOW HITPOINT WARNING * * *
The gnoll closely misses you.
You hit the gnoll.
The gnoll is heavily wounded.
The gnoll completely misses you. The gnoll hits you but does no damage.
The gnoll hits you from afar with a +0 spear!
You die...

#...........# #
#.....%.#...... #
###.......#......
#
#.........#......#
#
#.........#......#
# #.........#
..... #
#....###### ....
### #....# . #..
#...@# ####... #..
#...g##....... #..
#>...g)....... #..
#...###......# #..
##### ......# #..
......# #..
......# ###
g.....# ......#


You could see 2 gnolls.

Vanquished Creatures
  2 gnolls (D:3)
  3 adders
  A dart slug (D:1)
  2 leopard geckos (D:2)
  9 bats
  5 goblins
  3 hobgoblins
  2 quokkas
  7 frilled lizards
  8 kobolds
  7 rats
49 creatures vanquished.

Notes
Turn   | Place    | Note
-------+----------+-------------------------------------------
     0 | D:1      | Arixos the Mummy Artificer began the quest for the Orb.
     0 | D:1      | Reached XP level 1. HP: 15/15 MP: 2/2
   138 | D:1      | Reached XP level 2. HP: 11/21 MP: 3/3
  1112 | D:2      | Reached skill level 1 in Armour
  1112 | D:2      | Reached XP level 3. HP: 15/27 MP: 5/5
  2336 | D:3      | Reached XP level 4. HP: 21/33 MP: 6/6
  2490 | D:3      | Reached skill level 3 in Evocations
  2498 | D:3      | Slain by a gnoll

Levels and vault maps discovered:
D:1:      dpeg_arrival_simpleton_c, layout_basic, minmay_tromino_i4
D:2:      layout_basic
D:3:      layout_basic, grunt_temple_overflow_octagram, first_ration,
          minmay_cut_off

Skill      XL: |  1  2  3  4 |
---------------+-------------+-----
Armour         | 1 |  1.5
Dodging        | 2 |  2.3
Fighting       | 2 |  2.2
Evocations     | 3 |  3.0
Short Blades   | |  0.7
Stealth        | |  0.7

Action                   |  1- 3 |  4- 6 || total
-------------------------+-------+-------++-------
Melee: Whip              |   124 |    16 ||   140
       Short sword       |     8 |       ||     8
       Dagger            |    35 |       ||    35
 Stab: Sleeping          |     1 |       ||     1
       Distracted        |       |     1 ||     1
Armor: Leather armour    |    48 |     3 ||    51
Dodge: Dodged            |   126 |     7 ||   133

Table legend:
 A = Non-vault XP
 B = Vault XP
 C = Vault XP percentage of total XP
 D = Non-vault monster count
 E = Vault monster count
 F = Vault count percentage of total count
                 A         B        C        D         E       F
            +---------+---------+-------+---------+---------+-------
      Total |     128 |       7 |   5.2 |      45 |       4 |   8.2
            +---------+---------+-------+---------+---------+-------
        D:1 |      19 |       7 |  26.9 |      14 |       4 |  22.2
        D:2 |      58 |       0 |   0.0 |      23 |       0 |   0.0
        D:3 |      51 |       0 |   0.0 |       8 |       0 |   0.0
            +---------+---------+-------+---------+---------+-------
